General information
- name: BNet
- type: Ladder team game (AT/RT)
- host: Battle.net
- saver: HERNaNDO
map: RiceFields
- players: 6
- length: 68:28
- speed: Fast
- version: 1.21 W3XP
- replay type: Public
» download(296 KB)
Players
team 1 (loser)
GoodJediNight (
green | 18 APM | 1165 actions | 65:35)
2 Archmage
1 Summon Water Elemental
1 Blizzard
» actions
| Basic commands | 19 | |
| Build / train | 52 | |
| Enter build submenu | 27 | |
| Enter hero's abilities submenu | 2 | |
| Right click | 584 | |
| Select / deselect | 403 | |
| Use ability | 69 | |
1165 total
» units
| Peasant | 27 | |
| Footman | 6 | |
| Rifleman | 3 | |
36 total
» upgrades
| Swords | 1 | |
| Plating | 1 | |
| Masonry | 1 | |
| Lumber Harvesting | 1 | |
4 total
» buildings
| Altar of Kings | 1 | |
| Barracks | 1 | |
| Farm | 3 | |
| Lumber Mill | 1 | |
| Blacksmith | 1 | |
| Scout Tower | 9 | |
| Arcane Tower | 1 | |
| Guard Tower | 7 | |
| Town Hall | 3 | |
| Keep | 1 | |
28 total
» build order
00:16 Altar of Kings
00:26 Barracks
01:09 Farm
01:24 Lumber Mill
02:31 Blacksmith
10:21 Scout Tower
10:24 Farm
11:08 Scout Tower
12:04 Arcane Tower
12:52 Farm
13:26 Scout Tower
14:32 Guard Tower
17:17 Town Hall
17:22 Scout Tower
25:36 Town Hall
33:42 Keep
34:18 Scout Tower
34:21 Scout Tower
34:23 Scout Tower
34:27 Scout Tower
34:49 Guard Tower
34:50 Guard Tower
35:02 Scout Tower
35:11 Guard Tower
35:42 Guard Tower
36:14 Guard Tower
40:34 Town Hall
LordVader58 (
pink | 27 APM | 1880 actions | 68:25)
3 Lich
2 Frost Nova
1 Dark Ritual
» actions
| Basic commands | 3 | |
| Build / train | 70 | |
| Enter build submenu | 25 | |
| Enter hero's abilities submenu | 4 | |
| Give item / drop item | 12 | |
| Right click | 1190 | |
| Select / deselect | 375 | |
| Use ability | 191 | |
1880 total
» units
| Acolyte | 15 | |
| Ghoul | 14 | |
| Gargoyle | 10 | |
| Meatwagon | 6 | |
| Abomination | 2 | |
| Frost Wyrm | 15 | |
62 total
» upgrades
» buildings
| Altar of Darkness | 2 | |
| Ziggurat | 13 | |
| Crypt | 3 | |
| Graveyard | 1 | |
| Halls of the Dead | 2 | |
| Tomb of Relics | 1 | |
| Black Citadel | 1 | |
| Slaughterhouse | 1 | |
| Sacrificial Pit | 1 | |
| Boneyard | 2 | |
27 total
» build order
04:14 Altar of Darkness
04:17 Ziggurat
05:17 Crypt
05:23 Ziggurat
06:16 Ziggurat
07:37 Graveyard
07:50 Halls of the Dead
07:54 Tomb of Relics
08:38 Ziggurat
10:31 Black Citadel
10:43 Slaughterhouse
13:09 Ziggurat
17:39 Sacrificial Pit
19:02 Ziggurat
19:05 Boneyard
19:10 Boneyard
20:15 Ziggurat
20:21 Ziggurat
20:26 Ziggurat
20:34 Ziggurat
44:02 Altar of Darkness
45:13 Ziggurat
45:22 Ziggurat
45:24 Ziggurat
60:55 Crypt
61:02 Crypt
61:05 Halls of the Dead
ShazZaM (
orange | 37 APM | 2391 actions | 65:30)
4 Demon Hunter
2 Immolation
2 Mana Burn
2 Keeper of the Grove
1 Entangling Roots
1 Force of Nature
» actions
| Basic commands | 5 | |
| Build / train | 61 | |
| Enter build submenu | 34 | |
| Enter hero's abilities submenu | 6 | |
| Right click | 1707 | |
| Select / deselect | 489 | |
| Use ability | 50 | |
2391 total
» units
| Wisp | 16 | |
| Archer | 18 | |
| Chimaera | 3 | |
| Glaive Thrower | 1 | |
| Hippogryph | 2 | |
40 total
» upgrades
| Strength of the Wild | 3 | |
| Corrosive Breath | 1 | |
| Ultravision | 1 | |
| Well Spring | 1 | |
| Reinforced Hides | 2 | |
| Nature's Blessing | 1 | |
9 total
» buildings
| Altar of Elders | 1 | |
| Moon Well | 13 | |
| Ancient of War | 3 | |
| Tree of Ages | 1 | |
| Hunter's Hall | 1 | |
| Tree of Eternity | 3 | |
| Ancient of Wind | 1 | |
| Chimaera Roost | 2 | |
| Tree of Life | 2 | |
27 total
» build order
00:11 Altar of Elders
00:15 Moon Well
00:42 Ancient of War
01:58 Moon Well
03:10 Moon Well
03:44 Tree of Ages
04:06 Moon Well
05:14 Hunter's Hall
06:07 Tree of Eternity
06:08 Tree of Eternity
07:58 Moon Well
09:05 Ancient of Wind
11:28 Chimaera Roost
13:11 Chimaera Roost
18:04 Moon Well
18:10 Moon Well
22:45 Tree of Life
22:48 Ancient of War
22:51 Ancient of War
22:54 Moon Well
22:58 Moon Well
23:40 Moon Well
23:57 Moon Well
25:14 Moon Well
27:30 Moon Well
40:06 Tree of Life
team 2 (winner)
FINeX (
blue | 51 APM | 3458 actions | 68:26)
7 Blademaster
3 Wind Walk
3 Critical Strike
1 Bladestorm
1 Pit Lord
1 Rain of Fire
1 Firelord
1 Soul Burn
» actions
| Assign group hotkey | 153 | |
| Basic commands | 57 | |
| Build / train | 131 | |
| Enter build submenu | 81 | |
| Enter hero's abilities submenu | 9 | |
| Give item / drop item | 23 | |
| Remove unit from queue | 2 | |
| Right click | 1543 | |
| Select / deselect | 493 | |
| Select group hotkey | 702 | |
| Use ability | 264 | |
3458 total
» units
| Peon | 18 | |
| Troll Batrider | 11 | |
| Raider | 1 | |
| Kodo Beast | 3 | |
| Shaman | 1 | |
| Tauren | 1 | |
| Grunt | 1 | |
| Troll Headhunter/Berserker | 1 | |
| Demolisher | 1 | |
| Troll Witch Doctor | 1 | |
| Spirit Walker | 1 | |
40 total
» upgrades
| Ranged Weapons | 3 | |
| Liquid Fire | 1 | |
| Armor | 3 | |
| Reinforced Defenses | 1 | |
| Pulverize | 1 | |
| Shaman Training | 2 | |
| Witch Doctor Training | 2 | |
| Spirit Walker Training | 2 | |
| Envenomed Spears | 1 | |
| Ensnare | 1 | |
| War Drums Damage Increase | 1 | |
| Melee Weapons | 3 | |
| Spiked Barricades | 3 | |
| Berserker Strength | 1 | |
| Berserker Upgrade | 2 | |
| Troll Regeneration | 1 | |
| Burning Oil | 1 | |
| Pillage | 1 | |
| Backpack | 1 | |
31 total
» buildings
| Altar of Storms | 1 | |
| Orc Burrow | 23 | |
| War Mill | 1 | |
| Watch Tower | 37 | |
| Stronghold | 1 | |
| Voodoo Lounge | 7 | |
| Beastiary | 9 | |
| Great Hall | 5 | |
| Fortress | 1 | |
| Spirit Lodge | 1 | |
| Tauren Totem | 1 | |
| Barracks | 1 | |
88 total
» build order
00:07 Altar of Storms
00:08 Orc Burrow
00:27 War Mill
02:05 Watch Tower
02:07 Watch Tower
02:53 Watch Tower
02:55 Watch Tower
04:11 Stronghold
04:13 Watch Tower
04:14 Watch Tower
04:42 Orc Burrow
05:01 Voodoo Lounge
05:30 Orc Burrow
06:36 Beastiary
06:40 Beastiary
06:44 Watch Tower
06:57 Watch Tower
07:30 Great Hall
07:45 Watch Tower
07:46 Watch Tower
07:54 Fortress
08:01 Watch Tower
09:48 Watch Tower
09:52 Watch Tower
09:52 Watch Tower
11:07 Watch Tower
14:42 Great Hall
15:22 Watch Tower
15:23 Watch Tower
16:34 Watch Tower
16:35 Watch Tower
17:39 Watch Tower
17:46 Watch Tower
19:18 Watch Tower
19:19 Watch Tower
28:46 Great Hall
29:10 Watch Tower
29:11 Watch Tower
29:12 Watch Tower
29:36 Watch Tower
29:39 Watch Tower
29:42 Watch Tower
29:49 Watch Tower
30:45 Watch Tower
30:46 Watch Tower
31:48 Watch Tower
31:49 Watch Tower
37:33 Great Hall
37:43 Great Hall
37:47 Watch Tower
37:48 Watch Tower
37:49 Watch Tower
46:12 Beastiary
46:13 Beastiary
46:15 Beastiary
46:17 Beastiary
46:18 Beastiary
46:20 Beastiary
46:22 Beastiary
46:33 Spirit Lodge
46:41 Tauren Totem
48:04 Barracks
48:13 Orc Burrow
49:05 Voodoo Lounge
49:06 Voodoo Lounge
49:06 Voodoo Lounge
49:07 Voodoo Lounge
49:41 Voodoo Lounge
49:43 Voodoo Lounge
60:42 Orc Burrow
60:59 Orc Burrow
61:03 Orc Burrow
61:05 Orc Burrow
61:12 Orc Burrow
62:49 Orc Burrow
62:52 Orc Burrow
63:01 Orc Burrow
63:05 Orc Burrow
63:32 Orc Burrow
63:55 Orc Burrow
64:08 Orc Burrow
66:29 Orc Burrow
66:32 Orc Burrow
66:36 Orc Burrow
67:41 Orc Burrow
67:49 Orc Burrow
67:59 Orc Burrow
68:21 Orc Burrow
» items
| Healing Salve | 2 | |
| Lesser Clarity Potion | 1 | |
| Potion of Healing | 1 | |
| Potion of Mana | 1 | |
| Potion of Invulnerability | 5 | |
| Claws of Attack +15 | 6 | |
| Health Stone | 3 | |
| Mana Stone | 2 | |
| Potion of Greater Mana | 2 | |
| Healing Wards | 1 | |
| Ankh of Reincarnation | 2 | |
| Book of the Dead | 1 | |
| Gauntlets of Ogre Strength +3 | 3 | |
| Mantle of Intelligence +3 | 1 | |
| Slippers of Agility +3 | 5 | |
| Scroll of the Beast | 2 | |
| Orb of Frost | 1 | |
| Cloak of Shadows | 2 | |
| Tiny Great Hall | 3 | |
44 total
HERNaNDO (
yellow | 38 APM | 2591 actions | 68:28)
6 Archmage
3 Blizzard
2 Brilliance Aura
1 Mass Teleport
5 Mountain King
3 Storm Bolt
2 Bash
1 Goblin Alchemist
1 Healing Spray
» actions
| Assign group hotkey | 22 | |
| Basic commands | 8 | |
| Build / train | 117 | |
| ESC pressed | 3 | |
| Enter build submenu | 62 | |
| Enter hero's abilities submenu | 13 | |
| Give item / drop item | 19 | |
| Right click | 1111 | |
| Select / deselect | 710 | |
| Select group hotkey | 241 | |
| Use ability | 283 | |
2591 total
» units
| Peasant | 15 | |
| Sorceress | 3 | |
| Mortar Team | 8 | |
| Priest | 3 | |
| Spell Breaker | 1 | |
30 total
» upgrades
| Masonry | 3 | |
| Lumber Harvesting | 2 | |
| Magic Sentry | 1 | |
| Sorceress Training | 2 | |
| Flare | 1 | |
| Priest Training | 2 | |
| Gunpowder | 3 | |
| Fragmentation Shards | 1 | |
| Armor | 3 | |
| Backpack | 1 | |
| Control Magic | 1 | |
| Swords | 1 | |
| Plating | 1 | |
| Flak Cannons | 1 | |
| Flying Machine Bombs | 1 | |
| Barrage | 1 | |
25 total
» buildings
| Lumber Mill | 1 | |
| Altar of Kings | 1 | |
| Farm | 7 | |
| Scout Tower | 88 | |
| Guard Tower | 20 | |
| Keep | 1 | |
| Blacksmith | 1 | |
| Arcane Sanctum | 1 | |
| Workshop | 2 | |
| Arcane Tower | 4 | |
| Town Hall | 2 | |
| Castle | 1 | |
| Arcane Vault | 1 | |
| Gryphon Aviary | 1 | |
| Barracks | 2 | |
133 total
» build order
00:10 Lumber Mill
00:22 Altar of Kings
00:36 Farm
00:38 Farm
01:12 Scout Tower
01:14 Scout Tower
01:40 Guard Tower
01:44 Scout Tower
02:06 Guard Tower
02:14 Guard Tower
02:19 Scout Tower
02:34 Scout Tower
02:45 Guard Tower
03:04 Guard Tower
03:20 Keep
03:23 Scout Tower
04:22 Guard Tower
04:25 Scout Tower
04:30 Scout Tower
04:31 Scout Tower
04:32 Scout Tower
04:58 Guard Tower
05:01 Guard Tower
05:06 Blacksmith
05:11 Farm
05:12 Farm
05:13 Farm
05:14 Farm
05:34 Guard Tower
06:07 Arcane Sanctum
06:12 Scout Tower
06:13 Scout Tower
06:14 Scout Tower
06:23 Workshop
06:33 Scout Tower
06:34 Scout Tower
06:35 Scout Tower
06:35 Scout Tower
06:37 Scout Tower
06:38 Scout Tower
06:39 Scout Tower
06:40 Scout Tower
06:41 Scout Tower
06:42 Scout Tower
07:42 Guard Tower
07:55 Arcane Tower
08:02 Arcane Tower
08:39 Arcane Tower
08:41 Guard Tower
10:01 Guard Tower
14:37 Farm
15:25 Town Hall
15:29 Scout Tower
15:30 Scout Tower
15:32 Scout Tower
15:32 Scout Tower
15:34 Scout Tower
15:35 Scout Tower
15:36 Scout Tower
15:37 Scout Tower
15:38 Scout Tower
15:39 Scout Tower
15:40 Scout Tower
15:40 Scout Tower
15:42 Scout Tower
15:43 Scout Tower
15:44 Scout Tower
15:46 Scout Tower
15:46 Scout Tower
15:51 Castle
17:03 Guard Tower
18:01 Guard Tower
18:21 Town Hall
18:23 Scout Tower
18:24 Scout Tower
18:25 Scout Tower
18:36 Scout Tower
18:40 Scout Tower
19:19 Guard Tower
19:24 Scout Tower
19:24 Scout Tower
19:25 Scout Tower
22:46 Guard Tower
23:31 Arcane Vault
29:00 Scout Tower
29:01 Scout Tower
29:02 Scout Tower
29:03 Scout Tower
29:04 Scout Tower
29:05 Scout Tower
29:06 Scout Tower
29:06 Scout Tower
29:08 Scout Tower
29:08 Scout Tower
29:09 Scout Tower
29:10 Scout Tower
29:11 Scout Tower
29:12 Scout Tower
29:13 Scout Tower
29:14 Scout Tower
29:15 Scout Tower
29:16 Scout Tower
31:23 Guard Tower
31:26 Guard Tower
36:19 Guard Tower
36:21 Guard Tower
40:22 Scout Tower
40:26 Scout Tower
48:37 Arcane Tower
56:59 Scout Tower
57:01 Scout Tower
57:02 Scout Tower
57:03 Scout Tower
57:06 Scout Tower
57:14 Scout Tower
57:19 Scout Tower
57:29 Scout Tower
57:34 Scout Tower
57:39 Scout Tower
57:48 Scout Tower
57:50 Scout Tower
58:01 Scout Tower
58:02 Scout Tower
58:03 Scout Tower
58:04 Scout Tower
58:05 Scout Tower
60:50 Scout Tower
60:51 Scout Tower
60:53 Scout Tower
67:45 Gryphon Aviary
67:51 Workshop
68:15 Barracks
68:17 Barracks
» items
| Lesser Clarity Potion | 1 | |
| Staff of Sanctuary | 1 | |
| Scroll of Town Portal | 1 | |
| Ivory Tower | 4 | |
| Kelen's Dagger of Escape | 1 | |
| Ring of Protection +5 | 3 | |
| Healing Wards | 2 | |
| Potion of Greater Healing | 2 | |
| Gauntlets of Ogre Strength +3 | 1 | |
| Health Stone | 1 | |
| Slippers of Agility +3 | 1 | |
| Mantle of Intelligence +3 | 1 | |
| Tiny Great Hall | 2 | |
21 total
KeKeZergRush (
purple | 59 APM | 4020 actions | 68:26)
6 Archmage
3 Blizzard
2 Brilliance Aura
1 Mass Teleport
5 Blood Mage
3 Flame Strike
2 Siphon Mana
» actions
| Assign group hotkey | 16 | |
| Basic commands | 6 | |
| Build / train | 97 | |
| ESC pressed | 5 | |
| Enter build submenu | 72 | |
| Enter hero's abilities submenu | 11 | |
| Give item / drop item | 4 | |
| Remove unit from queue | 1 | |
| Right click | 1465 | |
| Select / deselect | 552 | |
| Select group hotkey | 1501 | |
| Use ability | 278 | |
4020 total
» units
| Peasant | 14 | |
| Sorceress | 2 | |
| Priest | 4 | |
| Dragonhawk Rider | 8 | |
28 total
» upgrades
| Masonry | 3 | |
| Magic Sentry | 1 | |
| Lumber Harvesting | 2 | |
| Sorceress Training | 2 | |
| Priest Training | 2 | |
| Swords | 3 | |
| Cloud | 1 | |
| Armor | 1 | |
| Backpack | 1 | |
16 total
» buildings
| Altar of Kings | 1 | |
| Lumber Mill | 10 | |
| Farm | 13 | |
| Scout Tower | 71 | |
| Guard Tower | 24 | |
| Arcane Vault | 1 | |
| Keep | 1 | |
| Arcane Sanctum | 1 | |
| Gryphon Aviary | 1 | |
| Castle | 1 | |
| Arcane Tower | 2 | |
| Blacksmith | 1 | |
| Barracks | 1 | |
| Town Hall | 2 | |
130 total
» build order
00:08 Altar of Kings
00:17 Lumber Mill
00:22 Farm
01:09 Scout Tower
01:13 Scout Tower
01:14 Scout Tower
02:05 Guard Tower
02:14 Farm
02:22 Scout Tower
02:28 Scout Tower
02:41 Scout Tower
02:45 Scout Tower
03:03 Guard Tower
03:43 Guard Tower
03:47 Scout Tower
03:49 Scout Tower
03:51 Scout Tower
03:55 Scout Tower
04:02 Arcane Vault
04:17 Guard Tower
04:33 Keep
04:52 Guard Tower
05:00 Scout Tower
05:01 Scout Tower
05:07 Scout Tower
05:08 Scout Tower
05:10 Scout Tower
05:31 Guard Tower
05:41 Guard Tower
05:52 Guard Tower
05:55 Scout Tower
05:57 Scout Tower
05:58 Scout Tower
05:59 Scout Tower
06:45 Guard Tower
07:01 Arcane Sanctum
07:21 Gryphon Aviary
08:02 Guard Tower
08:19 Scout Tower
08:21 Scout Tower
08:22 Scout Tower
08:23 Scout Tower
08:35 Scout Tower
08:36 Scout Tower
08:38 Scout Tower
08:39 Scout Tower
09:03 Farm
09:04 Farm
09:09 Guard Tower
10:17 Guard Tower
10:52 Guard Tower
11:30 Castle
11:41 Scout Tower
11:42 Scout Tower
11:43 Scout Tower
11:44 Scout Tower
11:46 Scout Tower
11:46 Scout Tower
14:23 Guard Tower
14:25 Guard Tower
16:08 Scout Tower
16:09 Scout Tower
16:10 Scout Tower
16:11 Scout Tower
16:12 Scout Tower
16:14 Scout Tower
16:16 Scout Tower
17:40 Arcane Tower
20:11 Arcane Tower
21:47 Blacksmith
21:48 Barracks
21:58 Farm
21:59 Farm
26:28 Town Hall
26:36 Scout Tower
26:37 Scout Tower
26:38 Scout Tower
26:39 Scout Tower
26:41 Scout Tower
26:42 Scout Tower
26:42 Scout Tower
26:43 Scout Tower
26:48 Scout Tower
26:49 Scout Tower
26:50 Scout Tower
26:51 Scout Tower
26:52 Scout Tower
26:52 Scout Tower
26:53 Scout Tower
26:54 Scout Tower
27:30 Guard Tower
30:54 Guard Tower
30:56 Guard Tower
42:28 Town Hall
45:17 Scout Tower
45:18 Scout Tower
45:19 Scout Tower
45:19 Scout Tower
45:23 Scout Tower
45:24 Scout Tower
45:24 Scout Tower
45:25 Scout Tower
45:26 Scout Tower
45:29 Scout Tower
45:30 Scout Tower
45:31 Scout Tower
45:46 Guard Tower
47:12 Guard Tower
47:51 Guard Tower
48:03 Guard Tower
48:58 Lumber Mill
49:10 Lumber Mill
49:14 Lumber Mill
49:17 Lumber Mill
49:21 Lumber Mill
49:24 Lumber Mill
50:29 Guard Tower
51:51 Guard Tower
53:52 Lumber Mill
53:55 Lumber Mill
54:00 Lumber Mill
54:03 Farm
56:52 Farm
57:05 Farm
57:09 Farm
57:11 Farm
57:13 Farm
57:17 Farm
57:42 Scout Tower
57:46 Scout Tower
» items
| Scroll of Regeneration | 2 | |
| Lesser Clarity Potion | 2 | |
| Scroll of Town Portal | 4 | |
| Staff of Sanctuary | 1 | |
| Orb of Frost | 2 | |
11 total
Chat log
(00:08 / All) GoodJediNight: damn i was in the middle of typing somethin >:(
(00:13 / All) HERNaNDO: kool
(00:17 / All) FINeX: hey u guys like anime? ^_^
(00:22 / All) GoodJediNight: i do
(00:26 / All) HERNaNDO: kool
(00:29 / All) FINeX: desu
(00:44 / All) FINeX: ^_^
(00:45 / Allies) KeKeZergRush: nando morts?
(01:15 / Allies) FINeX: at leasdt i know how to pleasure a microphone
(01:58 / Allies) FINeX: 2nite im making chocolate bacon what do u think of this
(03:19 / Allies) FINeX: HEARBY DUB THEE A SKRUV
(05:32 / All) ShazZaM: nice towering
(05:37 / All) ShazZaM: oh lkets drag the game 4 hours later
(05:38 / All) FINeX: nice being a homofaggot
(05:42 / All) HERNaNDO: just play guy
(05:44 / All) FINeX: i prefer them longer
(05:45 / All) ShazZaM: dont cry cuz u cant micro ur own hero
(05:56 / All) LordVader58: GOOD job of being a homo retard
(06:00 / All) ShazZaM: wanst me
(06:02 / All) ShazZaM: it was green
(06:04 / All) ShazZaM: idiot
(06:12 / All) FINeX: ur gay as fuck fahg
(08:54 / All) GoodJediNight: thats
(08:59 / All) HERNaNDO: we are in dota clan
(08:59 / All) FINeX: amore
(09:05 / All) HERNaNDO: only way we can win is tower please cut us slack
(09:36 / All) ShazZaM: if u guys lose ur bad
(09:39 / All) ShazZaM: pink was afk half the time
(09:43 / All) FINeX: if u guys win ur bad
(09:45 / All) FINeX: if u lose ur bad
(09:45 / All) HERNaNDO: noobscuses
(09:46 / All) FINeX: ur bad
(09:51 / All) ShazZaM: noobscuses?
(09:54 / All) ShazZaM: make sense dota nerd
(09:57 / All) ShazZaM: i speak english
(10:01 / All) KeKeZergRush: were playing warcraft not excusecraft
(10:02 / All) KeKeZergRush: thanks
(10:03 / All) FINeX: what a small world
(10:10 / All) ShazZaM: ur playing noobcraft pink
(10:11 / All) HERNaNDO: lol owned
(10:14 / All) ShazZaM: tower much
(10:18 / All) HERNaNDO: no
(10:18 / All) ShazZaM: purple*
(10:19 / All) ShazZaM: rofl
(10:20 / All) KeKeZergRush: pink is on your team
(10:20 / All) HERNaNDO: just for defense
(10:21 / All) KeKeZergRush: umm
(10:26 / All) FINeX: fukkin skrub
(10:32 / All) FINeX: colorblind skrub
(10:43 / All) ShazZaM: except i corrected my mistake
(10:51 / Allies) FINeX: omg fuckin 2x aoe the shit oiut og that
(10:53 / All) ShazZaM: omfg he revealed
(10:54 / All) ShazZaM: LOL
(10:58 / All) HERNaNDO: lol
(11:01 / All) FINeX: ur mom didnt correct her mistake apparently
(11:09 / All) ShazZaM: obviously
(11:13 / All) ShazZaM: ur still alive
(11:20 / All) FINeX: so im your mom's spawn?
(11:22 / All) FINeX: shit
(11:28 / All) FINeX: my brother has downs
(11:56 / All) LordVader58: im sorry blue when u were born u have big dick and when u got to 11 u had such a small dick
(12:09 / All) FINeX: cool
(12:12 / All) FINeX: when u were born
(12:13 / Allies) KeKeZergRush: ziggs or acos?
(12:14 / All) FINeX: u had a small dick
(12:17 / All) FINeX: when you got to 11
(12:20 / All) FINeX: you still had a small dick
(13:05 / Allies) KeKeZergRush: 6 health
(13:06 / Allies) KeKeZergRush: nice tp
(14:55 / All) KeKeZergRush: shouldnt you guys have tried siege or air or something
(16:47 / Allies) KeKeZergRush: tp to am
(17:23 / All) FINeX: CANT MICRO UR OWN HERO
(18:44 / All) LordVader58: BLUE UR THE DUMBES ASS HERE
(18:50 / All) FINeX: lich first
(18:51 / All) FINeX: noob
(19:04 / Allies) KeKeZergRush: sending peas
(19:07 / Allies) KeKeZergRush: green
(19:55 / All) FINeX: FAG
(20:03 / All) FINeX: WHERES UR KOTG
(20:10 / All) FINeX: CANT MICRO UR OWN HERO?
(20:16 / All) ShazZaM: he was dying anyway
(20:21 / All) ShazZaM: and ur hero died at least 3x?
(20:21 / Allies) KeKeZergRush: pink units
(20:28 / All) FINeX: ONCE SCKRUB
(21:23 / All) FINeX: ROFL
(21:25 / All) FINeX: STUCK SKRUB
(21:34 / All) FINeX: WATCH WHILE UR BASE DUIE
(21:37 / All) FINeX: AND HERO TOO
(21:38 / All) ShazZaM: idc
(21:40 / All) ShazZaM: its cuz ur team
(21:41 / All) ShazZaM: not you
(21:42 / All) ShazZaM: you suck
(21:42 / All) FINeX: nOOB
(21:45 / All) FINeX: CANT MICRO UR OWN SHIT
(21:47 / All) ShazZaM: nice bw
(21:49 / All) FINeX: I KILLED UR HERO AND CHIMS
(21:50 / All) FINeX: FUCKIN NUB
(21:52 / All) ShazZaM: its called stuck
(21:59 / All) FINeX: CANT BUILD A BASE FOR SHIT
(22:10 / All) ShazZaM: says the towerer
(22:12 / All) ShazZaM: roflmao
(22:20 / All) FINeX: AT LEAST I DONT GET MY OWN SHIT STUCK ROFL
(22:58 / All) FINeX: HEY GUESS WHAT GREEN HAS NOTHING LOL
(23:09 / All) FINeX: U WANT THE SAME 2 HAPPEN 2 U?
(23:10 / All) GoodJediNight: is that so
(23:19 / All) KeKeZergRush: 2 footmen dont count
(23:19 / All) ShazZaM: hey guess what
(23:21 / All) ShazZaM: ur a dota nerd
(23:26 / All) FINeX: LOL DOTA SUX
(23:27 / All) FINeX: AND SO DO U
(23:32 / All) FINeX: SUCK AT DOTA
(23:34 / All) FINeX: SUCK AT NORMAL WC
(23:37 / All) ShazZaM: u just said "i r sorry we r dota players"
(23:37 / All) FINeX: MIGHT AS WELL UNINSTALL
(23:45 / All) FINeX: WAS TROLLIN U NUB
(23:50 / All) FINeX: AND IT WASNT ME
(24:15 / All) LordVader58: i thought he said BLUE ID THA MOST FAG ON THAT TEAM -.-
(24:27 / All) FINeX: fuckin rape your nigger ass
(24:30 / All) FINeX: U WANT TO DIE TOO?
(24:32 / All) ShazZaM: blue is the most noob
(24:37 / Allies) KeKeZergRush: suicide run
(25:02 / All) FINeX: NICE TRY NOOB
(25:16 / All) FINeX: PATHETIC U SUCK
(25:30 / All) ShazZaM: watch out hes chasing u with his dota blade master
(25:38 / All) FINeX: SAYS DUDE WITH A DH
(25:49 / All) ShazZaM: LOL
(25:58 / All) ShazZaM: im not the one buying items like this is dota
(26:04 / All) FINeX: OH SHIT I BOUGHT ITEMS
(26:09 / All) ShazZaM: full inven*
(26:20 / All) FINeX: AT LEAST I DONT MASS ARCHERS
(26:28 / All) FINeX: WHO HAVE LESS HP THAN A PES
(26:29 / All) ShazZaM: ur too stupid to get units
(26:31 / All) FINeX: AND THEN DONT UPG THEM
(26:32 / All) ShazZaM: in the first place
(26:38 / All) ShazZaM: i see only a blade master
(26:43 / All) ShazZaM: stfu honestly :/
(26:46 / All) FINeX: HEY WHAT KILLED UR CHIMS
(26:48 / All) FINeX: ???
(26:51 / All) FINeX: DID THEY JUST DISAPPEAR
(26:55 / All) FINeX: DID THE MORTS KILL UR CHIMS
(26:55 / All) ShazZaM: yeah
(26:56 / All) ShazZaM: lol
(26:59 / All) FINeX: MORTS CANT HIT AIR FUCKTARD
(27:14 / All) FINeX: GUESS UR CHIMS DISAPPEARED LIKE UR MOM'S HYMEN WHEN I SLID MY PENIS INTO HER VAGINA
(27:16 / All) ShazZaM: who said morts killed them
(27:19 / All) ShazZaM: Hey r u talking to urself?
(27:45 / All) FINeX: HEY WHY DONT U GEYT EXPOS
(27:52 / All) ShazZaM: cuz i dont feel like it
(27:57 / All) KeKeZergRush: we dont
(28:01 / All) ShazZaM: u dont need an expo with one blood master
(28:02 / All) FINeX: NICE ARCHERS
(28:04 / All) ShazZaM: blade*
(28:07 / All) ShazZaM: i know
(28:17 / All) FINeX: NICE TRY
(28:20 / All) ShazZaM: lol.
(28:33 / All) FINeX: GOOD JOB GO HOG WILD
(28:43 / All) ShazZaM: yo u got caps lock
(28:47 / All) ShazZaM: did ya notice
(28:51 / Allies) KeKeZergRush: gonna lure the frosts
(28:52 / Allies) KeKeZergRush: and ney
(28:52 / All) FINeX: NO THANKS FOR POINTING THAT OUT
(28:53 / Allies) KeKeZergRush: net
(28:54 / All) FINeX: I APPRECIATE IT
(28:56 / All) ShazZaM: kay
(29:18 / All) FINeX: YO U SUCK AT DOTA AND U SUCK AT REALCRAFT
(29:21 / All) ShazZaM: what r the rest of u doing
(29:22 / All) FINeX: WHATS LEFT FOR U IN THIS GAME
(29:27 / All) ShazZaM: shoulda won alrdy
(29:33 / All) ShazZaM: look at this failure expo
(29:34 / All) LordVader58: I KNOW I SUCK AT DOTA CAUSE IT SUCKS
(29:46 / All) FINeX: NOT MY TOWERS
(29:55 / All) FINeX: OH NO
(29:56 / All) FINeX: IM GONNA DIE
(30:00 / All) FINeX: NOT
(30:01 / All) FINeX: FAGGOT
(30:02 / All) FINeX: RUN
(30:10 / All) ShazZaM: finally
(30:11 / All) FINeX: BETTER RUN FAST
(30:12 / All) FINeX: SCRUB
(30:13 / All) ShazZaM: u guys do something :/
(30:23 / All) FINeX: HF
(30:26 / All) HERNaNDO: GL HF
(30:32 / All) ShazZaM: gl hf?
(30:34 / All) ShazZaM: its called gg
(30:34 / All) FINeX: U ALMOST MADE IT
(30:36 / All) ShazZaM: ..
(30:38 / All) FINeX: NOOB
(30:42 / All) FINeX: SO CLOSE
(30:45 / All) HERNaNDO: ITS ONLY JUST BEGUN
(30:55 / All) ShazZaM: damnit ME
(30:57 / All) ShazZaM: !?
(31:06 / All) FINeX: YA MAN UR NOOB AS FUCK
(31:08 / All) FINeX: WHO MASSES ARCHERS
(31:14 / All) ShazZaM: i dont mass archers
(31:17 / All) ShazZaM: i was fucking around
(31:17 / All) FINeX: YEAH U DO
(31:19 / All) ShazZaM: its a 3v3
(31:22 / All) FINeX: YA W/E
(31:23 / All) FINeX: SKRUB
(31:24 / All) ShazZaM: ur a noob who masses towers
(31:26 / All) ShazZaM: and fails at expos
(31:28 / All) ShazZaM: stfu plz..
(31:31 / All) FINeX: YA MAN I ONLY HAVE 3
(31:33 / All) FINeX: U GOT 0
(31:34 / All) ShazZaM: 3 LOL?
(31:38 / All) FINeX: MY EXPOS SURE DO SUCK
(31:47 / All) ShazZaM: expos rnt hard to get
(31:49 / Allies) KeKeZergRush: prob just sent peas
(31:52 / All) FINeX: REALLY
(31:53 / All) ShazZaM: dude u have caps lock
(31:54 / All) FINeX: THEN WHY DONT U HAVE ONE
(32:03 / All) FINeX: EXPOS ARENT HARD WHY DONT U HAVE ONE
(32:04 / All) FINeX: ??????????
(32:08 / All) FINeX: TOO HARD FOR U?
(32:10 / All) ShazZaM: yeah
(32:17 / All) FINeX: HARD LIKE MY DICK WHEN I INSERT IT INTO YOUR MOTHERS VAGINS
(32:20 / All) FINeX: VAGINA***
(33:30 / All) FINeX: UH OH
(33:31 / All) FINeX: SHIT
(33:32 / All) FINeX: IM DED
(33:33 / All) FINeX: FUCK
(33:37 / All) FINeX: HAHA JK OWNED
(33:54 / All) FINeX: LOL UR ACO IS SLOWED
(33:55 / All) FINeX: LIKE UR BAIN
(34:02 / All) ShazZaM: bain?
(34:06 / All) FINeX: BRAIN
(34:10 / All) FINeX: I CORRECT MY MISTAKES
(34:11 / All) ShazZaM: u did it!
(34:14 / All) ShazZaM: no u dont
(34:16 / All) ShazZaM: i correct ur mistakes
(34:19 / All) FINeX: NO
(34:20 / All) FINeX: U SAID
(34:21 / All) ShazZaM: ya.
(34:22 / All) FINeX: BAIN?
(34:25 / All) FINeX: THATS NOT CORRECTION
(34:26 / All) FINeX: DUMBASS
(34:29 / All) ShazZaM: it is
(34:30 / All) FINeX: UR BAD AT ENGLIUSH
(34:32 / All) KeKeZergRush: going afk with no towers
(34:32 / All) FINeX: NO ITS NOT
(34:34 / Allies) KeKeZergRush: brill strat
(34:36 / All) ShazZaM: LOL ENGLIUSH?
(34:38 / All) ShazZaM: STFU NOW LMFAO!
(34:49 / All) FINeX: ENGLISH FOURHT LANGUAGE SHUT UP FAGGOT
(34:50 / All) KeKeZergRush: stand in my brilliance aura
(34:53 / All) KeKeZergRush: gain some brain
(34:56 / All) ShazZaM: fourht?
(35:00 / All) FINeX: FOURTH
(35:02 / All) FINeX: SEI
(35:04 / All) FINeX: QUAT
(35:06 / All) ShazZaM: i refuse to converse with you any longer
(35:08 / All) ShazZaM: lold
(36:21 / All) FINeX: YO WHERES UR DUDES
(36:23 / All) FINeX: WHERE'D THEY GO
(36:38 / All) FINeX: I GOT MORE UNITS THAN U
(36:41 / All) FINeX: UR TOO STUPID TO MAKE UNITS
(36:47 / All) ShazZaM: 1v1 me ladder
(36:48 / All) ShazZaM: please?
(36:53 / All) FINeX: OK
(36:54 / All) ShazZaM: u wont have ur allies sorry
(36:54 / All) HERNaNDO: CAN I 1V1 U
(36:58 / All) ShazZaM: because its called one versus one
(36:58 / All) FINeX: OK ILL DO IT
(37:01 / All) FINeX: CHANNEL LLJK
(37:04 / All) ShazZaM: when its one person against one person
(37:09 / All) ShazZaM: as in human being
(37:12 / All) ShazZaM: do you comprende?
(37:20 / All) ShazZaM: no?
(37:21 / All) FINeX: COMPRENDE ISNT ENGLISH
(37:22 / All) FINeX: NIGGER
(37:29 / All) FINeX: OK THEN MEET ME IN CHANNEL LLJK
(37:30 / All) ShazZaM: im just trying to talk like you
(37:37 / All) KeKeZergRush: you know there are 3 tiers right
(37:38 / All) FINeX: I DONT SPEAK MEXICAN U FUCKIN SPIC
(37:40 / All) ShazZaM: im sorry if i fail
(37:43 / All) KeKeZergRush: you are supposed to go castle after keep
(37:50 / All) ShazZaM: he lost his castle
(37:52 / All) ShazZaM: like 3 times
(37:53 / All) ShazZaM: so far
(37:55 / All) KeKeZergRush: its huge
(37:59 / All) KeKeZergRush: how do you lose it
(38:00 / All) FINeX: NO HE DIDNT
(38:03 / All) FINeX: HE NEVER GOT TO CASTLE
(38:10 / All) ShazZaM: wow town hall
(38:20 / All) ShazZaM: damn you memorize that shit?
(38:21 / All) FINeX: LOL AND YOU LOST TREES
(38:23 / All) FINeX: LIKE 23498238 TIMES
(38:23 / All) ShazZaM: gl on life
(38:24 / All) FINeX: FAGGOT
(38:26 / All) ShazZaM: once*
(39:45 / Allies) FINeX: YO DONT KILL PINKS BASE
(39:49 / Allies) FINeX: LETS JUST BUY LIKE ERVYTHING
(39:59 / All) FINeX: NO EPXO FOR U
(41:12 / Allies) KeKeZergRush: unsummoned to repair main
(41:13 / All) ShazZaM: u guys take a long time to finish this :S
(41:17 / All) HERNaNDO: :S
(41:18 / All) FINeX: U SUCK
(41:21 / All) FINeX: U TAKE A LONG TIME TO LOSE
(41:27 / All) ShazZaM: i was talking to a human
(41:29 / All) ShazZaM: not you
(41:34 / All) FINeX: ME TOO
(41:51 / All) ShazZaM: but i was the one just talking
(41:54 / All) ShazZaM: and you responded
(41:58 / All) ShazZaM: omg you make no sense
(42:02 / All) HERNaNDO: WATS UP MAN
(42:33 / All) GoodJediNight: u cant anyways
(42:53 / All) FINeX: I WANNA BE FRIENDS
(42:58 / All) FINeX: NICE TREE
(42:59 / All) ShazZaM: u have no friends
(43:00 / All) FINeX: IT KINDA SUX THO
(43:07 / All) ShazZaM: lol u saw it
(43:11 / Allies) KeKeZergRush: he is bdoring my base
(43:12 / All) ShazZaM: wanted to make this long
(43:13 / Allies) KeKeZergRush: oh no
(43:13 / All) ShazZaM: o well
(43:16 / All) FINeX: IF U HAD A HERO
(43:20 / All) FINeX: U COULD SELL THOSE ITEMS FOR OGLD
(43:21 / All) FINeX: BUT U DONT
(43:25 / All) FINeX: 2 BAD I GUESS
(43:29 / All) ShazZaM: ??
(43:33 / All) ShazZaM: who says i want gold
(43:46 / All) HERNaNDO: back
(43:48 / All) FINeX: I CERTAINLY DID NOT
(43:52 / All) ShazZaM: uh ya u did
(43:56 / All) HERNaNDO: sandy from voxcom just CALLED ME
(43:59 / All) FINeX: NO I DIDNT
(44:01 / All) FINeX: I JUST SAID
(44:02 / All) ShazZaM: ya u did
(44:04 / All) FINeX: IF U HAD A HERO
(44:08 / All) FINeX: YOU COULD SELL THOSE ITEMS FOR GOLD
(44:16 / All) ShazZaM: and why would i want gold?
(44:44 / All) HERNaNDO: i bring offers of peace
(44:48 / All) ShazZaM: plz hurry up
(44:49 / All) HERNaNDO: ill lay them down in ur base
(45:05 / All) ShazZaM: rofl
(45:12 / All) HERNaNDO: LOOK
(45:17 / All) HERNaNDO: AT THESE FINE PRIZES
(46:11 / All) GoodJediNight: damn u -.-
(46:17 / All) GoodJediNight: u found my peasant
(46:18 / All) GoodJediNight: oh well
(46:20 / All) ShazZaM: cmon hurry up
(46:24 / All) HERNaNDO: guys those items will bringu riches
(46:27 / All) GoodJediNight: ive got them scattered across the map
(46:44 / All) HERNaNDO: just buy a altar
(46:45 / Allies) KeKeZergRush: research backpack
(46:46 / All) HERNaNDO: and pawn them
(46:48 / Allies) KeKeZergRush: then sell the riches
(46:53 / All) KeKeZergRush: backpack
(46:56 / All) KeKeZergRush: sell the riches
(47:25 / Allies) KeKeZergRush: he is attacking zigg
(47:48 / All) HERNaNDO: we left the market
(47:51 / All) HERNaNDO: coast is clear
(48:01 / All) HERNaNDO: im not lying m8
(48:20 / All) FINeX: WOOD
(48:25 / Allies) KeKeZergRush: we should have trapped him in lumber mills
(49:05 / All) HERNaNDO: we are gonna buy you a mini town hall
(49:29 / All) FINeX: KEKE
(49:32 / Allies) KeKeZergRush: yes
(49:34 / Allies) FINeX: LETS SURROUND HIM IN GREAT HALLS
(49:56 / All) GoodJediNight: MUAHAHAHA
(50:03 / Allies) KeKeZergRush: you have sh right?
(50:09 / Allies) FINeX: NO
(50:11 / Allies) KeKeZergRush: keep him hexed
(50:12 / All) HERNaNDO: GUYS WE ARE GIVING TOW NHALLS
(50:16 / Allies) KeKeZergRush: and we can trap him
(50:19 / Allies) FINeX: PL FL
(50:27 / All) GoodJediNight: ooh
(50:34 / All) GoodJediNight: to bad i have nothing with an inventory
(50:41 / All) HERNaNDO: what do u have
(50:42 / All) LordVader58: yall
(50:43 / All) FINeX: PLZ
(50:47 / All) GoodJediNight: secret
(50:50 / All) HERNaNDO: lol
(50:53 / All) LordVader58: make it three so i cna give them cointrol
(51:07 / All) HERNaNDO: i put a town hall next to ur ziggurat
(51:18 / All) LordVader58: i need a mine?
(51:19 / All) GoodJediNight: and a big one
(51:20 / All) LordVader58: ...
(51:21 / All) GoodJediNight: as well
(51:29 / All) HERNaNDO: i put mine there
(51:31 / All) HERNaNDO: so its not lonley
(51:41 / All) HERNaNDO: theres a lot OF MORE ITEMS
(51:51 / Allies) FINeX: ILL GET RAIDERS AND ENSNARE
(51:52 / All) ShazZaM: what ru doing
(51:55 / Allies) FINeX: U TRAP HIM IN MILLS
(51:57 / All) HERNaNDO: JUST CHILLIN
(51:58 / Allies) KeKeZergRush: yeah
(52:03 / Allies) KeKeZergRush: well he can still bast nova
(52:10 / All) HERNaNDO: THEY ARE GIVING U HALLS
(52:20 / All) LordVader58: sorry blue
(52:32 / All) ShazZaM: why u saying sorry to him
(52:40 / All) HERNaNDO: cuz hes polite
(52:47 / All) ShazZaM: but blue isnt
(52:58 / Allies) FINeX: IM GONNA
(53:01 / Allies) FINeX: ENSNARE NOW
(53:04 / Allies) FINeX: TRAP HIM IN MILLS
(53:09 / All) HERNaNDO: do u want my hall out of there
(53:13 / All) HERNaNDO: i can destroy it
(54:05 / All) LordVader58: DAMNIT
(54:08 / All) LordVader58: WTF?
(54:09 / All) HERNaNDO: LOL
(54:18 / All) LordVader58: BLUE
(54:31 / All) LordVader58: ok blue i wann 2vs 2 ur ass
(54:32 / Allies) KeKeZergRush: cloack?
(54:37 / All) LordVader58: i was afk
(54:42 / All) KeKeZergRush: prison break
(54:43 / All) LordVader58: the first few min
(54:45 / All) KeKeZergRush: get the warden
(55:22 / Allies) KeKeZergRush: lets just invis surround him with raiders
(57:37 / All) GoodJediNight: shaz take my army and obliterate them!
(57:42 / All) GoodJediNight: or atleast one of their bases
(57:47 / All) GoodJediNight: oops s-.-
(58:09 / Allies) FINeX: DONT ENSNARE
(58:34 / Allies) FINeX: DONT TOUC THE RAIDERS
(58:59 / Allies) FINeX: LETS MAKE A ZOO
(59:01 / All) HERNaNDO: LEAVE MY GUYS ALONE
(59:02 / Allies) FINeX: ONE OF EVERY UNIT
(59:23 / Allies) FINeX: LETS MAKE A ZOO
(59:30 / Allies) FINeX: MAKE PES REPAIR
(59:45 / All) HERNaNDO: i bring refreshments
(60:34 / Allies) FINeX: HEY LETS MAKE OUR ZOO
(61:21 / All) LordVader58: LET ME OUT
(61:24 / Allies) KeKeZergRush: man sleep or hex would nice now
(61:25 / All) ShazZaM: -.-
(61:32 / All) KeKeZergRush: but then no one will come to the zoo
(61:40 / All) LordVader58: .....
(61:50 / All) FINeX: BATTLE FOR UR ENTERTAINMENT
(62:44 / All) KeKeZergRush: use nova
(62:47 / All) KeKeZergRush: its more powerful
(63:02 / All) KeKeZergRush: one the raiders idiot
(63:04 / All) KeKeZergRush: more exp
(63:28 / All) HERNaNDO: kill more raiders
(63:43 / All) FINeX: PENIS IN EAR= DANCE ALL NIGHT
(63:49 / All) ShazZaM: fag..
(64:20 / All) HERNaNDO: AAAAAAAAAAH
(64:30 / All) FINeX: prison break!!!
(64:33 / All) ShazZaM: now thats battle entertainment
(64:35 / All) GoodJediNight: MUAHAHAHAHAHA
(64:49 / All) HERNaNDO: ESCAPED VCONVICT
(65:03 / All) HERNaNDO: ILL GET YOU!!!!
(65:07 / All) HERNaNDO: ONE DAY OR ANOTHER
(65:12 / All) KeKeZergRush: your posse is dead
(65:24 / All) HERNaNDO: THE UNDEAD CRIMEBOYZ
(65:37 / All) KeKeZergRush: why are you leaving
(65:38 / All) HERNaNDO: gg guys
(65:40 / All) KeKeZergRush: you just escaped
(65:54 / All) KeKeZergRush: gg fella
(65:54 / All) LordVader58: LOL
(66:00 / All) FINeX: DONT LEAVE PLZ
(66:01 / All) LordVader58: U CANT CATCH ME
(66:53 / Allies) KeKeZergRush: why 2 mains?
(66:57 / All) LordVader58: LOL
(67:08 / All) LordVader58: THE WARDEN CANT CATCH ME HAHHAHAH